 Dungeon Crawl Stone Soup version 0.24.0-13-gcf9b3192b9 (webtiles) character file.

Game seed: 547796008012588754, levelgen mode: deterministic

275 mopl the Sneak (level 5, -1/38 HPs)
             Began as a Demigod Enchanter on Nov 5, 2019.
             Slain by Edmund
             ... wielding a +1 dire flail of holy wrath
              (12 damage)
             ... on level 4 of the Dungeon.
             The game lasted 00:06:44 (3257 turns).

mopl the Sneak (Demigod Enchanter)                  Turns: 3257, Time: 00:06:44

Health: -1/38      AC:  5    Str: 11    XL:     5   Next: 73%
Magic:  13/21      EV: 12    Int: 21    God:
Gold:   172        SH:  0    Dex: 16    Spells: 1/10 levels left

rFire    . . .     SeeInvis .   a - +1 dagger (drain)
rCold    . . .     Gourm    .   (no shield)
rNeg     . . .     Faith    .   u - +2 animal skin
rPois    .         Spirit   .   t - +0 helmet
rElec    .         Reflect  .   (no cloak)
rCorr    .         Harm     .   (no gloves)
MR       .....                  (no boots)
Stlth    ++++......             (no amulet)
HPRegen  0.12/turn              m - ring of stealth
MPRegen  0.17/turn              x - ring of magical power

@: no status effects
A: high mp 1
a: no special abilities


You were on level 4 of the Dungeon.
You were not hungry.

You visited 1 branch of the dungeon, and saw 4 of its levels.

You collected 172 gold pieces.

Inventory:

Hand Weapons
 a - a +1 dagger of draining (weapon)
Missiles
 c - 26 poisoned darts (quivered)
Armour
 t - a +0 helmet (worn)
 u - a +2 animal skin (worn)
Jewellery
 m - a ring of stealth (left hand)
 x - a ring of magical power (right hand)
Wands
 y - a wand of digging (4)
 z - a wand of iceblast (8)
Scrolls
 g - 2 scrolls of enchant armour {unknown}
 h - 2 scrolls of teleportation
 j - 2 scrolls of enchant weapon {unknown}
 k - 2 scrolls of remove curse {unknown}
 r - 2 scrolls of identify {unknown}
 v - a scroll of immolation {unknown}
 w - a scroll of fog {unknown}
Potions
 e - 2 potions of flight {unknown}
 f - a potion of resistance
 i - 2 potions of invisibility {unknown}
 l - a potion of haste {unknown}
 n - 2 potions of berserk rage {unknown}
 o - 3 potions of degeneration {unknown}
 p - 4 potions of heal wounds {unknown}
 q - a potion of mutation {unknown}
 s - a potion of curing {unknown}
Comestibles
 b - 4 chunks of flesh
 d - 6 rations


   Skills:
 + Level 1.0 Short Blades
 - Level 1.7 Dodging
 * Level 4.0 Stealth
 * Level 3.1 Spellcasting
 + Level 1.4 Conjurations
 * Level 3.9 Hexes
 + Level 1.3 Ice Magic


You had one spell level left.
You knew the following spells:

 Your Spells              Type           Power        Failure   Level  Hunger
a - Corona                Hex            ###....      2%          1    None
b - Ensorcelled Hibernat  Hex/Ice        ##....       7%          2    ##.....
c - Confuse               Hex            ###.....     8%          3    ###....
g - Dazzling Spray        Conj/Hex       ##....       13%         3    ###....

Your spell library contained the following spells:

 Spells                   Type           Power        Failure   Level  Hunger
 Tukima's Dance           Hex            ###.....     8%          3    ###....


Dungeon Overview and Level Annotations

Branches:
Dungeon (4/15)
 Temple: D:4-7

Annotations:
D:4 Edmund


Innate Abilities, Weirdness & Mutations

You have an increased reservoir of magic. (+10% MP)


Message History

Edmund says, "I'm quite good with sums, too."
Casting: Confuse (safe; 8% risk of failure)
Confirm with . or Enter, or press ? or * to list all spells.
Aiming: Dazzling Spray (safe; 13% risk of failure)
Press: ? - help, Shift-Dir - straight line, f/p - Edmund
Aim: Edmund, wielding a +1 dire flail of holy wrath and wearing a +0 chain mail of magic resistance (lightly wounded)
The spray of energy hits Edmund but does no damage.
Edmund is lightly wounded.
Edmund hits you with a +1 dire flail of holy wrath.
* * * LOW HITPOINT WARNING * * *
Casting: Dazzling Spray (safe; 13% risk of failure)
Confirm with . or Enter, or press ? or * to list all spells.
Aiming: Dazzling Spray (safe; 13% risk of failure)
Press: ? - help, Shift-Dir - straight line, f/p - Edmund
Aim: Edmund, wielding a +1 dire flail of holy wrath and wearing a +0 chain mail of magic resistance (lightly wounded)
The spray of energy hits Edmund but does no damage.
Edmund is lightly wounded.
Edmund is dazzled.
Edmund hits you with a +1 dire flail of holy wrath!
You die...

###
#.#############################
...............................
#.#############################
...............@@........#
#.######################.# #†#
### #...# #.# #.# #.##♣.<.♣## #.#
## #.# #.#.......######.#######.
#.# #.....♣.>.#.............( #<#
#.#.......######.#######.
#########.##♣[<.♣####.......#...#
..........##...##..............#


You could see Edmund (blind).

Vanquished Creatures
  Ijyb (D:4)
  Robin (D:2)
  10 gnolls
  4 adders
  An ooze (D:2)
  2 worms
  4 dart slugs
  A leopard gecko (D:3)
  2 orcs (D:3)
  5 giant cockroaches
  14 goblins
  8 hobgoblins
  6 jackals
  2 quokkas
  A ball python (D:2)
  7 bats
  4 frilled lizards (D:3)
  8 kobolds
  6 rats
87 creatures vanquished.

Notes
Turn   | Place    | Note
-------+----------+-------------------------------------------
     0 | D:1      | mopl the Demigod Enchanter began the quest for the Orb.
     0 | D:1      | Reached XP level 1. HP: 14/14 MP: 5/5
   190 | D:1      | Reached skill level 3 in Stealth
   190 | D:1      | Reached XP level 2. HP: 15/20 MP: 7/7
   194 | D:1      | Learned a level 2 spell: Ensorcelled Hibernation
  1204 | D:2      | Reached XP level 3. HP: 26/26 MP: 4/8
  1209 | D:2      | Learned a level 3 spell: Dazzling Spray
  1212 | D:2      | Noticed Robin
  1238 | D:2      | Killed Robin
  1581 | D:2      | Reached XP level 4. HP: 20/33 MP: 3/10
  1820 | D:2      | Found a sacrificial altar of Ru.
  2345 | D:3      | Reached skill level 1 in Ice Magic
  2423 | D:3      | Reached skill level 1 in Conjurations
  2556 | D:3      | Reached XP level 5. HP: 36/38 MP: 7/12
  2582 | D:2      | Learned a level 3 spell: Confuse
  3111 | D:4      | Noticed Ijyb
  3123 | D:4      | Killed Ijyb
  3123 | D:4      | Reached skill level 1 in Short Blades
  3123 | D:4      | Reached skill level 4 in Stealth
  3199 | D:4      | Noticed Edmund
  3257 | D:4      | Slain by Edmund

Levels and vault maps discovered:
D:1:      lightli_iron_boxes, layout_basic, minmay_misc_feat_x
D:2:      layout_rooms, first_ration, serial_corexii_hall,
          corexii_hall_statues_l, corexii_hall_statues_deadend,
          nicolae_ru_great_annihilating_truth, uniq_robin
D:3:      layout_loops_ring
D:4:      layout_basic, yredelemnul_altar_generic, minmay_temple_entry_arrows,
          serial_shops, shop, grunt_ministairs_7, uniq_ijyb, uniq_edmund

Skill      XL: |  1  2  3  4  5 |
---------------+----------------+-----
Spellcasting   | 2 3 |  3.1
Stealth        | 3 4 |  4.0
Hexes          | 3 |  3.9
Ice Magic      | 1 |  1.3
Conjurations   | 1 |  1.4
Short Blades   | 1 |  1.0
Dodging        | |  1.7

Action                   |  1- 3 |  4- 6 || total
-------------------------+-------+-------++-------
Melee: Dagger            |    97 |   145 ||   242
Throw: Dart              |     5 |       ||     5
 Cast: Corona            |     3 |       ||     3
       Ensorcelled Hiber |    17 |    19 ||    36
       Confuse           |       |     3 ||     3
       Dazzling Spray    |       |     2 ||     2
  Use: Scroll            |     1 |       ||     1
 Stab: Sleeping          |    19 |    19 ||    38
       Distracted        |     1 |       ||     1
       Paralysed         |       |     1 ||     1
  Eat: Chunk             |     3 |     7 ||    10
Armor: Robe              |    14 |       ||    14
       Animal skin       |    10 |    24 ||    34
Dodge: Dodged            |    66 |    77 ||   143
